 Dungeon Crawl Stone Soup version 0.21-a0-270-g8204059 (console) character file.

153 Mandevil the Chiller (level 5, -3/38 HPs)
             Began as a Ghoul Ice Elementalist on Sept 14, 2017.
             Slain by Blork the orc
             ... wielding a +6 long sword of holy wrath
              (4 damage)
             ... on level 4 of the Dungeon.
             The game lasted 00:08:12 (2742 turns).

Mandevil the Chiller (Ghoul Ice Elementalist)       Turns: 2742, Time: 00:08:13

Health: -3/38      AC:  3    Str: 13    XL:     5   Next: 35%
Magic:  0/8        EV: 12    Int: 10    God:
Gold:   176        SH:  0    Dex:  9    Spells: 3/9 levels left

rFire    . . .     SeeInvis .     - Unarmed
rCold    + . .     Gourm    .   (no shield)
rNeg     + + +     Faith    .   a - +0 robe
rPois    ∞         Spirit   .   i - +1 hat
rElec    .         Reflect  .   (no cloak)
rCorr    .         Harm     .   (no gloves)
MR       .....                  (no boots)
Stlth    ++........             (no amulet)
HPRegen  0.00/turn              (no ring)
MPRegen  0.11/turn              (no ring)

@: very slightly contaminated, rotting
A: rotting body, claws 1, carnivore 3, cold resistance 1, negative energy
resistance 3, inhibited regeneration, torment resistance, unbreathing
a: no special abilities


You were on level 4 of the Dungeon.
You were not hungry.

You visited 1 branch of the dungeon, and saw 4 of its levels.

You collected 176 gold pieces.

Inventory:

Hand Weapons
 m - a +0 blowgun
 q - a +0 trident
Missiles
 p - 20 poisoned needles
Armour
 a - a +0 robe (worn)
 i - a +1 hat (worn)
Scrolls
 d - a scroll of fog {unknown}
 e - a scroll of identify {unknown}
 f - 2 scrolls of fear {unknown}
 g - 4 scrolls of enchant armour {unknown}
 j - a scroll of recharging {unknown}
 l - 2 scrolls of magic mapping {unknown}
 n - a scroll of remove curse {unknown}
Potions
 h - 2 potions of berserk rage {unknown}
 k - a potion of flight {unknown}
 o - a potion of agility {unknown}
 r - a potion of haste {unknown}
Books
 b - a book of Frost

   Spells                             Type                      Level
   a - Freeze                         Ice                          1
   b - Throw Frost                    Conjuration/Ice              2
   c - Ozocubu's Armour               Charms/Ice                   3
   d - Throw Icicle                   Conjuration/Ice              4
   e - Summon Ice Beast               Ice/Summoning                4
Comestibles
 c - a meat ration


   Skills:
 - Level 1.9 Dodging
 - Level 2.3 Stealth
 + Level 2.2 Unarmed Combat
 + Level 2.6 Spellcasting
 + Level 1.6 Conjurations
 + Level 4.5 Ice Magic


You had 3 spell levels left.
You knew the following spells:

 Your Spells              Type           Power        Failure   Level  Hunger
a - Freeze                Ice            ##..         4%          1    ##.....
f - Throw Frost           Conj/Ice       #.....       12%         2    ###....
o - Ozocubu's Armour      Chrm/Ice       #.......     34%         3    ####...


Dungeon Overview and Level Annotations

Branches:
Dungeon (4/15)
 Temple: D:4-7

Altars:

Annotations:
D:4 Blork the orc


Innate Abilities, Weirdness & Mutations

Your body is rotting away.
You thrive on raw meat.
You are immune to poison.
You have sharp fingernails.
You are carnivorous and can eat meat at any time.
Your flesh is cold resistant. (rC+)
You are immune to negative energy. (rN+++)
You do not regenerate when monsters are visible.
You are immune to unholy pain and torment.
You can survive without breathing.


Message History

Press: ? - help, Shift-Dir - straight line, f/p - Blork the orc
Aim: Blork the orc, wielding a long sword of holy wrath and wearing a robe (severely wounded)
You freeze Blork the orc.
Blork the orc is severely wounded.
Blork the orc gestures at you while chanting.
The magic dart hits you!
* * * LOW HITPOINT WARNING * * *
Unknown command.
Okay, then.
Casting: Freeze
Confirm with . or Enter, or press ? or * to list all spells.
Aiming: Freeze
Press: ? - help, Shift-Dir - straight line, f/p - Blork the orc
Aim: Blork the orc, wielding a long sword of holy wrath and wearing a robe (severely wounded)
You freeze Blork the orc.
Blork the orc is almost dead.
Blork the orc hits you with a long sword of holy wrath.
* * * LOW HITPOINT WARNING * * *
You convulse.
You die...

##### ...
#o##########
#n#.........
########.#.#######.
#..........#
.#####.#### #.####
#....# ## ####.# .
##.### #.###....#


You could see Blork the orc.

Vanquished Creatures
  2 orc wizards
  2 adders
  An ooze (D:1)
  2 worms (D:3)
  4 dart slugs
  3 leopard geckos (D:3)
  9 orcs
  7 bats
  2 giant cockroaches
  5 goblins
  6 hobgoblins
  3 quokkas (D:2)
  2 frilled lizards (D:1)
  4 kobolds
  3 rats
55 creatures vanquished.

Notes
Turn   | Place    | Note
-------+----------+-------------------------------------------
     0 | D:1      | Mandevil the Ghoul Ice Elementalist began the quest for the Orb.
     0 | D:1      | Reached XP level 1. HP: 14/14 MP: 2/2
   161 | D:1      | Reached XP level 2. HP: 16/20 MP: 1/3
   509 | D:1      | Reached XP level 3. HP: 23/26 MP: 1/5
   513 | D:1      | Reached skill level 1 in Unarmed Combat
   882 | D:2      | Learned a level 2 spell: Throw Frost
  1433 | D:2      | Reached skill level 1 in Conjurations
  1547 | D:2      | Reached XP level 4. HP: 26/33 MP: 6/6
  1761 | D:2      | Learned a level 3 spell: Ozocubu's Armour
  1889 | D:3      | Reached skill level 4 in Ice Magic
  2144 | D:3      | HP: 1/33 [leopard gecko (1)]
  2565 | D:4      | Noticed Blork the orc
  2586 | D:3      | Reached XP level 5. HP: 28/38 MP: 2/7
  2742 | D:4      | HP: 1/38 [Blork the orc/long sword of holy wrath (6)]
  2742 | D:4      | Slain by Blork the orc

Vault maps used:
D:1:      grunt_arrival_lava_bath, minmay_nonomino_d4
D:2:      first_bread
D:4:      nrook_mini_vaults, uniq_sigmund, uniq_natasha, uniq_pikel,
          uniq_blork_the_orc

Skill      XL: |  1  2  3  4 |
---------------+-------------+-----
Spellcasting   | 2 |  2.6
Unarmed Combat | 1 2 |  2.2
Conjurations   | 1 |  1.6
Ice Magic      | 4 |  4.5
Dodging        | |  1.9
Stealth        | |  2.3

Action                   |  1- 3 |  4- 6 || total
-------------------------+-------+-------++-------
Melee: Unarmed           |   131 |    73 ||   204
 Cast: Freeze            |    17 |    37 ||    54
       Throw Frost       |       |     3 ||     3
  Use: Scroll            |       |     1 ||     1
 Stab: Sleeping          |     4 |     2 ||     6
  Eat: Chunk             |     5 |     8 ||    13
Armor: Robe              |    32 |     5 ||    37
Dodge: Dodged            |   108 |    48 ||   156

Table legend:
 A = Spawn XP
 B = Non-spawn XP
 C = Spawn XP percentage of total XP
 D = Spawn monster count
 E = Non-spawn monster count
 F = Spawn count percentage of total count
 G = Total turns spent on level
                    A         B        C        D         E        F      G
               +---------+---------+-------+---------+---------+-------+---------
         Total |       0 |     219 |   0.0 |       0 |      55 |   0.0 |  2742
               +---------+---------+-------+---------+---------+-------+---------
           D:1 |       0 |      44 |   0.0 |       0 |      21 |   0.0 |   793
           D:2 |       0 |      40 |   0.0 |       0 |      14 |   0.0 |  1074
           D:3 |       0 |      93 |   0.0 |       0 |      16 |   0.0 |   787
           D:4 |       0 |      42 |   0.0 |       0 |       4 |   0.0 |    88
               +---------+---------+-------+---------+---------+-------+---------
